 Dungeon Crawl Stone Soup version 0.30-a0-737-gf23d94013f (webtiles) character file.

Game seed: 10672354328486485936

3504 Newt the Basher (level 9, -2/65 HPs)
             Began as a Demonspawn Gladiator on Feb 2, 2023.
             Was a Believer of Okawaru.
             Shot with a sling bullet by Joseph (13 damage)
             ... on level 8 of the Dungeon.
             The game lasted 00:11:09 (7731 turns).

Newt the Basher (Demonspawn Gladiator)              Turns: 7731, Time: 00:11:10

Health: -2/65      AC:  7    Str: 19    XL:     9   Next: 80%
Magic:  13/13      EV: 12    Int:  9    God:    Okawaru [**....]
Gold:   333        SH:  3    Dex: 15    Spells: 8/8 levels left

rFire   + . .      SeeInvis .    J - +4 flail (heavy)
rCold   . . .      Faith    .    G - +0 buckler
rNeg    . . .      Spirit   .    b - +0 leather armour
rPois   .          Reflect  .    (helmet restricted)
rElec   .          Harm     .    o - +0 cloak
rCorr   .          Rampage  .    y - +0 pair of gloves
Will    .....                    (no boots)
Stlth   ++                       (no amulet)
HPRegen 0.30/turn                r - +4 ring of slaying
MPRegen 0.13/turn                w - ring of protection from fire

@: no status effects
A: antennae 2, slimy green scales 1, spiny 2
a: Renounce Religion, Heroism


You were on level 8 of the Dungeon.
You worshipped Okawaru.
Okawaru was pleased with you.
You visited 1 branch of the dungeon, and saw 8 of its levels.
You also visited: Sewer.

You collected 428 gold pieces.
You spent 95 gold pieces at shops.

Inventory:

Hand Weapons
 a - a +0 rapier
 f - a +0 morningstar
 k - a +4 whip of draining
 I - a +4 whip of distortion
 J - a +4 heavy flail (weapon)
Missiles
 e - 3 javelins
 E - 11 boomerangs (quivered)
Armour
 b - a +0 leather armour (worn)
 c - a +0 helmet
 o - a +0 cloak (worn)
 y - a +0 pair of gloves (worn)
 G - a +0 buckler (worn)
Jewellery
 r - a +4 ring of slaying (left hand)
 w - a ring of protection from fire (right hand)
 A - a +6 ring of intelligence
 H - a ring of ice
Wands
 D - a wand of polymorph (9)
Scrolls
 g - a scroll of vulnerability
 p - 3 scrolls of fear
 x - a scroll of summoning
 C - a scroll of magic mapping
 F - a scroll of immolation
Potions
 i - 3 potions of heal wounds
 j - 2 potions of ambrosia
 l - 3 potions of attraction
 m - a potion of haste
 n - 8 potions of curing
 q - 3 potions of berserk rage
 s - a potion of mutation
 t - a potion of degeneration {unknown}
 u - a potion of brilliance {unknown}
 v - 4 potions of might {unknown}
 z - 3 potions of lignification {unknown}
 B - 2 potions of flight {unknown}


   Skills:
 - Level 4.0 Fighting
 - Level 2.6 Short Blades
 + Level 9.7 Maces & Flails
 - Level 5.0 Throwing
 - Level 4.0 Armour
 - Level 2.6 Dodging
 - Level 1.5 Stealth
 - Level 6.0 Invocations


You had 8 spell levels left.
You didn't know any spells.
Your spell library contained the following spells:

 Spells                   Type           Power      Damage    Failure   Level
 Inner Flame              Hex/Fire       0%         N/A       89%         3
 Portal Projectile        Hex/Tloc       0%         N/A       89%         3
 Cause Fear               Hex            0%         N/A       100%        4
 Blade Hands              Tmut           0%         N/A       100%        5
 Discord                  Hex            0%         N/A       100%        8
 Summon Small Mammal      Summ           Unusable   N/A       N/A         1
 Call Canine Familiar     Summ           Unusable   N/A       N/A         3
 Summon Guardian Golem    Hex/Summ       Unusable   N/A       N/A         3
 Tukima's Dance           Hex            Unusable   N/A       N/A         3

Dungeon Overview and Level Annotations

Branches:
Dungeon (8/15)             Temple (0/1) D:6           Sewer (visited)
   Lair: D:8-11

Altars:
Dithmenos
Gozag
Okawaru
Qazlal
Ru
Uskayaw
Yredelemnul

Shops:
D:4 *

Annotations:
D:3 1 runed translucent door
D:7 2 transporters, Dittersdorf's ghost, novice GrFi
D:8 Joseph


Innate Abilities, Weirdness & Mutations

You have a pair of antennae on your head.
You are partially covered in slimy green scales. (AC +2)
You are mostly covered in sharp spines.


Message History

Joseph shoots a sling bullet.
The sling bullet barely misses you.
You don't have any such object.
Fire/throw/use which item? ([*] to toss any item) (? for menu, Esc to quit)
Okay, then.
That's the wrong kind of item! (Use * to select it.) Fire/throw/use which item? ([*] to toss any item) (? for menu, Esc to quit)
Okay, then.
Throw: 2 darts (poison)
Press: ? - help, Shift-Dir - straight line, f/p - Joseph
Aim: Joseph, wielding a +0 sling and wearing a +0 leather armour (heavily wounded, 67% to hit)
You throw a poisoned dart. The poisoned dart hits Joseph.
Joseph is poisoned.
Joseph is heavily wounded.
Throw: dart (poison)
Press: ? - help, Shift-Dir - straight line, f/p - Joseph
Aim: Joseph, wielding a +0 sling and wearing a +0 leather armour (heavily wounded, poisoned, 67% to hit)
You throw a poisoned dart. The poisoned dart hits Joseph.
Joseph looks even sicker.
Joseph is heavily wounded.
Okay, then.
Throw: 11 boomerangs
Press: ? - help, Q - select action, (/) - cycle Shift-Dir - straight line, f/p - Joseph
Aim: Joseph, wielding a +0 sling and wearing a +0 leather armour (heavily wounded, very poisoned, 67% to hit)
You throw a boomerang. The boomerang hits Joseph!
Joseph is almost dead.
Joseph shoots a sling bullet.
You block the sling bullet.
Throw: 11 boomerangs
Press: ? - help, Q - select action, (/) - cycle Shift-Dir - straight line, f/p - Joseph
Aim: Joseph, wielding a +0 sling and wearing a +0 leather armour (almost dead, very poisoned, 67% to hit)
You throw a boomerang. The boomerang closely misses Joseph.
Joseph shoots a sling bullet.
The sling bullet hits you!
* * * LOW HITPOINT WARNING * * *
Joseph shoots a sling bullet.
The sling bullet closely misses you.
Throw: 11 boomerangs
Press: ? - help, Q - select action, (/) - cycle Shift-Dir - straight line, f/p - Joseph
Aim: Joseph, wielding a +0 sling and wearing a +0 leather armour (almost dead, very poisoned, 67% to hit)
You throw a boomerang.
The boomerang hits Joseph but does no damage.
Joseph is almost dead.
Joseph shoots a sling bullet.
The sling bullet hits you!
You die...

#....##.....
######.#>.....
..>###.##.....
##...#.##8...8 #.#.#.#
##8## #.....# #######
#####..#####<#...# >.#
##...........#+##...
..## #....≈≈≈≈≈.@......#
...###...##≈≈≈≈≈≈....@..
...##..##.#####≈≈≈....(.
...##.≈≈##.##.#≈≈≈≈....(
####..≈≈≈##...#≈≈≈≈....#
#.≈≈≈≈≈###.#≈≈≈≈≈.###
#.≈≈≈≈≈≈≈#.######.#
#.≈≈≈≈≈≈≈#.........
#.≈≈≈≈≈≈≈#.######.


You could see Joseph (very poisoned).

Vanquished Creatures
  A water moccasin (D:7)
  2 ice beasts
  3 sky beasts
  Pargi (Sewer)
  2 black bears
  An ogre (D:5)
  A centaur (D:8)
  3 phantoms
  2 bullfrogs
  A gnoll sergeant (D:7)
  3 scorpions
  7 wights (D:6)
  6 killer bees (D:8)
  3 jellies
  10 hounds
  A gnoll bouda (D:7)
  6 orc priests
  Crazy Yiuf (D:2)
  5 iguanas
  4 orc wizards
  11 adders
  13 gnolls
  A river rat (D:6)
  A white imp (D:7)
  3 ufetubi
  3 worms
  6 dart slugs
  45 orcs
  4 bats
  8 endoplasms
  6 giant cockroaches
  6 goblins
  8 hobgoblins
  8 jackals
  8 kobolds
  6 quokkas
  8 ball pythons
  A frilled lizard (D:1)
  A goblin skeleton (D:3)
  6 rats
216 creatures vanquished.

Vanquished Creatures (others)
  5 fungi
5 creatures vanquished.

Grand Total: 221 creatures vanquished

Notes
Turn   | Place    | Note
-------+----------+-------------------------------------------
     0 | D:1      | Newt the Demonspawn Gladiator began the quest for the Orb.
     0 | D:1      | Reached XP level 1. HP: 16/16 MP: 1/1
    53 | D:1      | Reached skill level 1 in Stealth
   172 | D:1      | Gained mutation: You are partially covered in sharp spines.
                  | [demonic ancestry]
   172 | D:1      | Reached XP level 2. HP: 16/22 MP: 2/2
   988 | D:2      | Reached XP level 3. HP: 29/29 MP: 3/3
  1249 | D:2      | Gained mutation: You have a pair of small antennae on your
                  | head. [demonic ancestry]
  1249 | D:2      | Reached XP level 4. HP: 32/37 MP: 4/4
  1358 | D:2      | Found a runed translucent door.
  1359 | D:2      | Noticed Crazy Yiuf
  1448 | D:2      | Reached skill level 1 in Maces & Flails
  1579 | D:2      | Reached skill level 2 in Maces & Flails
  1720 | D:2      | Killed Crazy Yiuf
  1721 | D:2      | Gained mutation: You are mostly covered in sharp spines.
                  | [demonic ancestry]
  1721 | D:2      | Reached XP level 5. HP: 30/42 MP: 0/5
  2057 | D:3      | Reached skill level 3 in Maces & Flails
  2060 | D:3      | Found a stormy altar of Qazlal.
  2165 | D:3      | Found a runed translucent door.
  2165 | D:3      | Noticed a human
  2168 | D:3      | Found a basalt altar of Yredelemnul.
  2603 | D:4      | Reached skill level 4 in Maces & Flails
  2603 | D:4      | Reached XP level 6. HP: 48/48 MP: 6/6
  2806 | D:4      | Found a shadowy altar of Dithmenos.
  2945 | D:4      | Reached skill level 5 in Maces & Flails
  3165 | D:4      | Gained mutation: You are partially covered in slimy green
                  | scales. (AC +2) [demonic ancestry]
  3165 | D:4      | Reached XP level 7. HP: 54/54 MP: 7/7
  3267 | D:4      | Found Poewk's Assorted Antiques.
  3270 | D:4      | Bought a blackened moonstone ring for 95 gold pieces
  3281 | D:5      | Entered Level 5 of the Dungeon
  3746 | D:5      | Reached skill level 6 in Maces & Flails
  3984 | D:5      | Reached skill level 7 in Maces & Flails
  4181 | D:5      | Reached XP level 8. HP: 38/60 MP: 8/8
  4377 | D:5      | Found a sacrificial altar of Ru.
  4378 | D:5      | Found an iron altar of Okawaru.
  4383 | D:5      | Identified the +0 dagger of Ohijuluk {antimagic, rF+ Str+3
                  | SInv}
  4387 | D:5      | Became a worshipper of Warmaster Okawaru
  4425 | D:6      | Found a glowing drain.
  4465 | Sewer    | Entered a sewer
  4593 | Sewer    | Noticed Pargi
  4596 | Sewer    | Killed Pargi
  4597 | Sewer    | Reached skill level 8 in Maces & Flails
  4849 | D:6      | Reached skill level 9 in Maces & Flails
  4898 | D:6      | Reached * piety under Okawaru
  4975 | D:6      | Found a hide-covered altar of Uskayaw.
  5125 | D:6      | Gained mutation: You have a pair of antennae on your head.
                  | [demonic ancestry]
  5125 | D:6      | Reached XP level 9. HP: 20/63 MP: 9/9
  5132 | D:6      | Reached skill level 5 in Throwing
  5395 | D:6      | Found a staircase to the Ecumenical Temple.
  5439 | D:6      | Reached skill level 1 in Armour
  5901 | D:7      | Reached ** piety under Okawaru
  6221 | D:7      | Reached skill level 1 in Invocations
  6300 | D:7      | Noticed Dittersdorf's ghost (novice GrFi)
  6460 | D:7      | Found an opulent altar of Gozag.
  6576 | D:7      | Found a transporter.
  6595 | D:7      | Found a transporter.
  7061 | D:8      | Reached skill level 5 in Invocations
  7717 | D:8      | Noticed Joseph
  7731 | D:8      | Shot with a sling bullet by Joseph

Illustrated notes

Levels and vault maps discovered:
D:1:      minmay_arrival_pointy, layout_basic
D:2:      layout_basic, basic_altar, uniq_crazy_yiuf_cottage
D:3:      layout_loops_cross, old_standard_altar, dk_yredelemnul_ordeal
D:4:      layout_loops_ring, mainiacjoe_overflow_brackets, serial_shops,
          kennysheep_mini_moat, kennysheep_small_circle
D:5:      layout_basic, gammafunk_temple_overflow_pools, corexii_hall_statues_i
D:6:      layout_gridville, eat_drink_and_be_merry_uskayaw,
          minmay_temple_entry_glassed_door, portal_sewer_entry_a,
          minmay_strange_pillars, dreamdust_gnoll_farm
D:7:      layout_loops_corners, nicolae_gozag_seed_capital,
          gammafunk_ghost_stat_death
D:8:      layout_basic, nicolae_overflow_crystal_walls,
          mainiacjoe_overflow_alcove_4, nicolae_overflow_hidden_temple,
          nicolae_overflow_two_pavilions, grunt_decor_junction, nicolae_wwwww,
          uniq_joseph

Skill      XL: |  1  2  3  4  5  6  7  8  9 |
---------------+----------------------------+-----
Stealth        | 1 |  1.5
Fighting       | 3 4 |  4.0
Maces & Flails | 2 4 5 7 9 |  9.7
Throwing       | 4 5 |  5.0
Armour         | 4 |  4.0
Invocations    | 6 |  6.0
Short Blades   | |  2.6
Dodging        | |  2.6

Action                     |  1- 3 |  4- 6 |  7- 9 || total
---------------------------+-------+-------+-------++-------
  Melee: Rapier            |    12 |       |     5 ||    17
         Morningstar       |    44 |       |       ||    44
         Whip              |    23 |   114 |   214 ||   351
         Punch             |       |     1 |     2 ||     3
         Flail             |       |       |    22 ||    22
  Throw: Throwing net      |     2 |       |     4 ||     6
         Dart              |     3 |     1 |     4 ||     8
         Javelin           |       |       |     7 ||     7
         Boomerang         |       |       |     9 ||     9
    Use: Scroll            |     6 |     5 |     7 ||    18
         Potion            |       |       |     1 ||     1
   Stab: Sleeping          |     2 |     5 |     3 ||    10
         Held in net/web   |     1 |       |     2 ||     3
         Distracted        |       |     1 |       ||     1
 Armour: Leather armour    |    21 |    20 |    48 ||    89
  Dodge: Dodged            |    47 |    46 |   107 ||   200
  Block: Buckler           |       |       |     6 ||     6

Table legend: (Time is in decaauts)
 A = Elapsed time spent in this place.
 B = Non-inter-level travel time spent in this place.
 C = Inter-level travel time spent in this place.
 D = Time resting spent in this place.
 E = Time spent auto-exploring this place.
 F = Levels seen in this place.
 G = Mean time per level.
                   A        B        C        D        E       F      G
               +--------+--------+--------+--------+--------+-----+--------+
         Total |   7702 |   7537 |    165 |    857 |   5501 |   9 |  855.8 |
       Dungeon |   7555 |   7390 |    165 |    857 |   5382 |   8 |  944.4 |
         Sewer |    147 |    147 |      0 |      0 |    119 |   1 |  147.0 |
               +--------+--------+--------+--------+--------+-----+--------+

Top non-repeatable levels by time:
     D:6: 1260 daAuts
     D:5: 1133 daAuts
     D:7: 1096 daAuts
     D:1: 1002 daAuts
     D:2: 812 daAuts
     D:3: 771 daAuts
     D:8: 771 daAuts
     D:4: 708 daAuts
   Sewer: 147 daAuts
